 Dungeon Crawl Stone Soup version 0.25.0-26-g0c896c7088 (webtiles) character file.

Game seed: 2867726565940115546

81 Exodus22XD the Sneak (level 4, 0/29 HPs)
             Began as an Octopode Assassin on July 4, 2020.
             Slain by Ijyb
             ... wielding a +4 dagger of venom
              (3 damage)
             ... on level 3 of the Dungeon.
             The game lasted 00:02:40 (2309 turns).

Exodus22XD the Sneak (Octopode Assassin)            Turns: 2309, Time: 00:02:44

Health: 0/29       AC:  1    Str: 10    XL:     4   Next: 42%
Magic:  4/4        EV: 13    Int: 13    God:
Gold:   138        SH:  0    Dex: 10    Spells: 3/3 levels left

rFire    . . .     SeeInvis .   l - +1 dagger (drain)
rCold    + . .     Gourm    .   (no shield)
rNeg     . . .     Faith    .   (helmet restricted)
rPois    .         Spirit   .   h - amulet of regeneration
rElec    .         Reflect  .   e - -4 ring of dexterity (curse)
rCorr    .         Harm     .   y - ring of protection from cold
MR       .....                  (no ring)
Stlth    ++++......             (no ring)
HPRegen  0.49/turn              (no ring)
MPRegen  0.09/turn              (no ring)
                                (no ring)
                                (no ring)

@: lethally poisoned (0 -> -7)
A: almost no armour, stealthy swim, amphibious, 8 rings, constrict 8, camouflage
1, gelatinous body 1
a: no special abilities


You were on level 3 of the Dungeon.
You were not hungry.

You visited 1 branch of the dungeon, and saw 3 of its levels.

You collected 138 gold pieces.

Inventory:

Hand Weapons
 l - a +1 dagger of draining (weapon)
Missiles
 b - 8 poisoned darts (quivered)
 c - 2 curare-tipped darts
Jewellery
 e - a cursed -4 ring of dexterity (left tentacle)
 h - an amulet of regeneration (around mantle)
 y - a ring of protection from cold (right tentacle)
Scrolls
 f - a scroll of blinking {unknown}
 j - 4 scrolls of teleportation
 k - 3 scrolls of amnesia
 m - 6 scrolls of remove curse {unknown}
 n - a scroll of fear {unknown}
 s - 3 scrolls of enchant armour {unknown}
 t - a scroll of enchant weapon {unknown}
 u - a scroll of identify
 w - a scroll of fog {unknown}
 z - a scroll of noise {unknown}
Potions
 g - a potion of might {unknown}
 i - 2 potions of curing {unknown}
 o - 2 potions of invisibility {unknown}
 p - a potion of degeneration {unknown}
 q - a potion of flight {unknown}
 r - a potion of brilliance {unknown}
 v - 2 potions of heal wounds {unknown}
 x - a potion of lignification {unknown}
Comestibles
 a - 4 chunks of flesh
 d - 7 rations


   Skills:
 + Level 2.2 Fighting
 + Level 2.4 Short Blades
 * Level 2.4 Throwing
 + Level 1.5 Dodging
 + Level 6.9 Stealth


You had 3 spell levels left.
You didn't know any spells.
Your spell library was empty.

Dungeon Overview and Level Annotations

Branches:
Dungeon (3/15)

Altars:

Annotations:
D:3 Ijyb


Innate Abilities, Weirdness & Mutations

You cannot wear most types of armour.
You are very stealthy in the water. (Stealth+)
You are amphibious.
You can wear up to eight rings at the same time.
You can use your tentacles to constrict eight enemies at once.
Your skin changes colour to match your surroundings (Stealth+).
Your rubbery body absorbs attacks. (AC +1, EV +1)


Message History

You constrict Ijyb, but do no damage.
You feel sick.
Ijyb hits you with a +4 dagger of venom.
You are more poisoned.
You hit Ijyb.
Ijyb is heavily wounded.
You constrict Ijyb.
You feel sick. The goblin barely misses you.
Ijyb hits you with a +4 dagger of venom.
You are more poisoned.
You hit Ijyb but do no damage. You drain Ijyb.
Ijyb is severely wounded.
You constrict Ijyb.
You feel sick.
The goblin hits you from afar with a +0 trident!
* * * LOW HITPOINT WARNING * * *
You hit Ijyb but do no damage.
Ijyb is severely wounded.
You constrict Ijyb.
* * * LOW HITPOINT WARNING * * *
You feel sick.
Ijyb hits you with a +4 dagger of venom.
You die...

.. ###.##.##.##......#
..##.#.##.##.#>....#.#..
.....#....##............
...#.#..#.##...........
.#................##.#
..........###§§.#....#
###..#.#.#...○§§§.g...
..#......#.#.§§##.####
#.#.###.##.#.#..@g#
#.#.#...##.#...####
#.......##.###.####
..#....###.. #....#########
#.###....### #.#(.8.8.8.8.#
#.######.#####.#..........#
#..<.###.......#.........)#
####......######..........#
.<##......# #.....)....#


You could see Ijyb (drained) and a goblin.

Vanquished Creatures
  2 adders
  2 dart slugs
  A worm (D:3)
  A leopard gecko (D:2)
  A ball python (D:1)
  9 goblins
  7 hobgoblins
  4 jackals (D:1)
  2 quokkas (D:2)
  9 bats
  4 frilled lizards
  5 kobolds
  8 rats
55 creatures vanquished.

Notes
Turn   | Place    | Note
-------+----------+-------------------------------------------
     0 | D:1      | Exodus22XD the Octopode Assassin began the quest for the
                  | Orb.
     0 | D:1      | Reached XP level 1. HP: 14/14 MP: 1/1
   332 | D:1      | Reached XP level 2. HP: 5/19 MP: 2/2
   653 | D:1      | Reached skill level 6 in Stealth
   889 | D:1      | Reached XP level 3. HP: 24/24 MP: 3/3
  1675 | D:2      | Reached XP level 4. HP: 26/29 MP: 4/4
  1981 | D:3      | Noticed Ijyb
  2309 | D:3      | Slain by Ijyb

Illustrated notes

Levels and vault maps discovered:
D:1:      minmay_arrival_jagged, layout_basic, nrook_uturn
D:2:      layout_rooms
D:3:      kennysheep_the_goblin_king, layout_basic

Skill      XL: |  1  2 |
---------------+-------+-----
Stealth        | 6 |  6.9
Fighting       | |  2.2
Short Blades   | |  2.4
Throwing       | |  2.4
Dodging        | |  1.5

Action                   |  1- 3 |  4- 6 || total
-------------------------+-------+-------++-------
Melee: Dagger            |    84 |    30 ||   114
       Constrict         |    18 |     6 ||    24
       Tentacles         |    12 |     1 ||    13
  Use: Scroll            |     2 |       ||     2
 Stab: Sleeping          |    15 |     4 ||    19
  Eat: Chunk             |     2 |     2 ||     4
Armor: Skin              |    17 |     1 ||    18
Dodge: Dodged            |    62 |    13 ||    75
